 Dungeon Crawl Stone Soup version 0.20.1-1-g8b1a95d (webtiles) character file.

175404 zaRGo the Executioner (level 17, 0/166 HPs)
             Began as a Minotaur Berserker on Nov 25, 2017.
             Was a High Priest of Trog.
             Slain by a ghost moth (4 damage)
             ... on level 3 of the Spider Nest on Nov 26, 2017.
             The game lasted 03:44:19 (41690 turns).

zaRGo the Executioner (Minotaur Berserker)         Turns: 41690, Time: 03:44:19

Health: 0/166      AC: 30    Str: 25    XL:     17   Next: 47%
Magic:  0/18       EV: 12    Int:  5    God:    Trog [*****.]
Gold:   742        SH:  4    Dex: 13    Spells: 16/16 levels left

rFire    + . .     SeeInvis .   p - +9 broad axe of Ablas {speed, rC+}
rCold    + + .     Gourm    .   (no shield)
rNeg     . . .     Faith    .   P - +5 plate armour {rF+}
rPois    +         Spirit   .   (helmet restricted)
rElec    +         Reflect  +   i - +0 cloak
rCorr    .         Harm     .   X - +0 pair of gloves
MR       +....                  S - +2 pair of boots of Lethargy {rElec}
Stlth    ..........             l - +4 amulet of reflection
Regen    0.4/turn               y - ring of poison resistance
MPRegen  0.2/turn               U - ring of protection from cold

@: lethally poisoned (0 -> -59)
A: retaliatory headbutt, horns 2, blurry vision 1
a: Berserk, Trog's Hand, Brothers in Arms, Burn Spellbooks, Renounce Religion


You were on level 3 of the Spider Nest.
You worshipped Trog.
Trog was extremely pleased with you.
You were not hungry.

You visited 5 branches of the dungeon, and saw 28 of its levels.
You also visited: Ossuary.

You collected 2450 gold pieces.
You spent 1708 gold pieces at shops.

Inventory:

Hand Weapons
 p - the +9 broad axe of Ablas (weapon) {speed, rC+}
   (Trog gifted it to you on level 9 of the Dungeon)

   Attacks with this weapon are significantly faster.
   It protects you from cold.
 z - a +6 antimagic battleaxe
 D - a +9 battleaxe of chopping
 L - a +5 battleaxe of flaming
Missiles
 u - 7 curare-tipped needles (quivered)
Armour
 i - a +0 cloak (worn)
 F - a +2 plate armour of magic resistance
 P - a +5 plate armour of fire resistance (worn)
 S - the +2 pair of boots of Lethargy (worn) {rElec}
   (You found it on level 7 of the Dungeon)

   It insulates you from electricity.
 X - a +0 pair of gloves (worn)
Jewellery
 d - an uncursed amulet of the gourmand
 f - a +5 ring of intelligence
 k - a +6 ring of dexterity
 l - a +4 amulet of reflection (around neck)
 w - an uncursed ring of protection from fire
 y - a ring of poison resistance (left hand)
 J - an uncursed ring of flight
 R - an uncursed ring of protection from fire
 U - a ring of protection from cold (right hand)
 W - an uncursed ring of protection from cold
Wands
 B - a wand of acid (8/15)
 G - a wand of disintegration (6/24)
 I - a wand of iceblast (1/15)
 T - a wand of lightning (6/15)
 V - a wand of paralysis (7/24)
Scrolls
 b - 7 scrolls of fear
 g - 9 scrolls of remove curse
 m - 6 scrolls of teleportation
 q - 4 scrolls of fog
 t - 5 scrolls of magic mapping
 N - 2 scrolls of identify
 O - a scroll of summoning
Potions
 a - 4 potions of haste
 e - a potion of invisibility
 h - 24 potions of curing
 n - 8 potions of mutation
 r - 13 potions of heal wounds
 s - 2 potions of ambrosia
 x - 3 potions of lignification
 A - 2 potions of cancellation
 C - 4 potions of flight
 K - 4 potions of agility
 M - 5 potions of might
 Q - a potion of resistance
Miscellaneous
 H - a fan of gales
Comestibles
 c - 8 bread rations
 j - 13 fruits
 o - 2 royal jellies
 v - 8 meat rations
 E - 2 chunks of flesh


   Skills:
 * Level 18.6 Fighting
 + Level 22.5 Axes
 * Level 18.6 Armour
 + Level 8.7 Dodging
 - Level 3.8 Evocations


You had 16 spell levels left.
You didn't know any spells.

Dungeon Overview and Level Annotations

Branches:
Dungeon (15/15)            Temple (1/1) D:4            Lair (6/6) D:9
 Shoals (0/4) Lair:2       Spider (4/4) Lair:3        Slime (0/5) Lair:5
    Orc (2/2) D:9             Elf (0/3) Orc:2        Vaults (0/5) D:14
 Depths (0/5) D:15

Altars:
Ashenzari
Cheibriados
Dithmenos
Elyvilon
Fedhas
Gozag
Hepliaklqana
Kikubaaqudgha
Makhleb
Nemelex Xobeh
Okawaru
Qazlal
Ru
Sif Muna
Trog
Uskayaw
Vehumet
Xom
Yredelemnul
Zin
The Shining One
Beogh

Shops:
D:4 :   D:7 !   D:8 (   D:10 [   D:14 *   Orc:1 *   Orc:2 ((!(

Portals:
Hell: Lair:6

Annotations:
D:10 1 exclusion
Lair:5 exclusion: 3 oklob plants
Spider:2 1 exclusion
Orc:1 1 exclusion


Innate Abilities, Weirdness & Mutations

You reflexively headbutt those who attack you in melee.
You have a pair of horns on your head.
Scrolls take you a little longer to read.


Message History

You are lethally poisoned!
Something poisons you!
You barely miss something.
* * * LOW HITPOINT WARNING * * *
You feel very sick.
You slice something like a ripe choko!!!
* * * LOW HITPOINT WARNING * * *
You feel very sick.
You feel you are being watched by something.
Something hits you but does no damage. x2
Something stings you but does no damage.
You slash something!
* * * LOW HITPOINT WARNING * * *
You feel sick.
You miss something.
* * * LOW HITPOINT WARNING * * *
You feel very sick.
You feel you are being watched by something.
Something hits you but does no damage. Something hits you.
You die...

..###^######...############.##
...###.# #..### ####.###### ###
...# #.####.#######)^.......# #.#
...# ##..#..##.#............###..
...# #.......................##..
...###.......#..............###..
..#.#........##s#...........###..
..##.........##†##(..............
..##.........###@#%>..........#..
.###..........^.##.........!.##..
.##..........##.####.........##..
###..........##.## ##.......###.#
###..........##..####.......# ###
##..........###...##.#......## #
............##.....#.##.####.####
.#^.........##......##### ##...^
..#.........##.#..#.# #.....


You could see a wolf spider.

Vanquished Creatures
  Arachne (Spider:4)
  Rupert (Lair:6)
  Agnes (D:15)
  Roxanne (D:14)
  Donald (Spider:3)
  6 ghost moths
  An orc warlord (Orc:2)
  9 emperor scorpions
  A stone giant (Orc:2)
  Nessos (D:15)
  5 entropy weavers
  2 spark wasps
  A dire elephant (Lair:2)
  An ettin (Orc:1)
  Josephine (D:11)
  10 hydras
  4 centaur warriors
  A queen ant (Lair:4)
  2 dancing weapons (D:14)
  6 two-headed ogres
  A titan zombie (D:15)
  2 death yaks (Lair:5)
  A vampire mage (D:15)
  4 orc high priests (Orc:2)
  2 tengu warriors
  Urug (D:11)
  A sun demon (Lair:6)
  A skeletal warrior (D:15)
  5 unseen horrors
  3 lindwurms
  4 orc knights (Orc:2)
  14 orb spiders
  A necromancer (D:15)
  5 orc sorcerers (Orc:2)
  3 wizards
  2 deep elf magi
  14 wolf spiders
  13 ugly things
  An oklob plant (Lair:1)
  An elephant (Lair:2)
  4 cyclopes
  A manticore (D:13)
  A stone giant skeleton (D:15)
  4 black mambas
  4 torpor snails
  A merfolk siren (Lair:2)
  A smoke demon (Lair:6)
  2 orange demons (Lair:6)
  6 spiny frogs
  4 centaur skeletons
  3 gargoyles
  25 rime drakes
  An efreet (D:14)
  16 demonic crawlers
  3 ice devils (Lair:6)
  8 komodo dragons
  A guardian mummy (D:15)
  A tengu conjurer (D:15)
  A red devil (Lair:6)
  3 merfolk (Lair:2)
  3 polar bears
  13 trolls
  22 jumping spiders
  A wind drake (shapeshifter) (D:15)
  10 hornets
  18 blink frogs
  10 slime creatures
  11 hippogriffs
  A meliai zombie (D:14)
  An ettin zombie (D:15)
  2 shadows
  25 tarantellas
  59 redbacks
  3 water elementals (D:14)
  6 wyverns
  3 wraiths (D:11)
  8 yaks
  Eustachio (D:6)
  3 basilisks
  2 hungry ghosts
  The ghost of Ymberto the Cudgeler, an amateur HuFi (D:4)
  An ice dragon skeleton (D:15)
  8 steam dragons (Lair:5)
  3 vampire mosquitoes (D:14)
  2 two-headed ogre zombies (D:9)
  3 wargs (Orc:2)
  12 swamp worms (Lair:6)
  An acid dragon (D:15)
  5 hell hounds
  25 soldier ants
  20 water moccasins
  10 porcupines
  2 black bears
  40 orc warriors
  8 ice beasts
  2 sky beasts
  3 phantoms
  18 crocodiles
  11 wolves
  14 ogres
  20 centaurs
  2 big kobolds
  10 bullfrogs
  5 scorpions
  10 killer bees
  14 wights
  5 howler monkeys
  5 electric eels
  6 crimson imps
  2 bullfrog zombies
  2 quasits
  2 centaur zombies
  11 hounds
  2 human zombies (Ossuary)
  35 orc priests
  A bullfrog skeleton (D:7)
  2 gnoll shamans (D:5)
  7 jellies
  6 iguanas
  Terence (D:2)
  22 orc wizards
  5 hell rats (Lair:4)
  26 worker ants
  A killer bee zombie (D:7)
  6 ogre zombies (D:9)
  A big kobold zombie (Ossuary)
  A hound zombie (D:7)
  2 mummies (Ossuary)
  A hound skeleton (D:4)
  Robin (D:3)
  4 gnolls (D:5)
  11 adders
  5 shadow imps
  2 oozes
  2 adder skeletons
  9 worms
  2 dart slugs (D:3)
  7 leopard geckos
  94 orcs
  6 giant cockroaches
  A gnoll zombie (Ossuary)
  10 goblins
  12 hobgoblins
  6 jackals
  18 kobolds
  7 quokkas
  A ball python (D:1)
  10 bats
  5 frilled lizards
  2 goblin zombies (D:9)
  4 hobgoblin skeletons (D:9)
  A hobgoblin zombie (D:9)
  A jackal zombie (D:6)
  A kobold zombie (Ossuary)
  7 orc skeletons (D:9)
  13 orc zombies
  7 rats
  5 fungi
  2 plants
1085 creatures vanquished.

Vanquished Creatures (collateral kills)
  2 entropy weavers (Spider:1)
  A wolf spider (Spider:1)
  A cyclops (Orc:2)
  2 ugly things (D:13)
  A demonic crawler (Spider:1)
  A jumping spider (Spider:1)
8 creatures vanquished.

Vanquished Creatures (others)
  A rime drake (Lair:5)
  A redback (Spider:1)
  A centaur (D:15)
  8 fungi
  6 plants
  8 toadstools (Lair:2)
  2 withered plants (D:15)
27 creatures vanquished.

Grand Total: 1120 creatures vanquished

Notes
Turn   | Place    | Note
-------+----------+-------------------------------------------
     0 | D:1      | zaRGo the Minotaur Berserker began the quest for the Orb.
     0 | D:1      | Reached XP level 1. HP: 19/19 MP: 0/0
   767 | D:1      | Reached XP level 2. HP: 27/27 MP: 1/1
  1037 | D:2      | Reached skill level 4 in Axes
  1263 | D:2      | Reached XP level 3. HP: 26/33 MP: 2/2
  1586 | D:2      | Noticed Terence
  1599 | D:2      | Killed Terence
  1599 | D:2      | Reached XP level 4. HP: 41/41 MP: 3/3
  1727 | D:2      | Reached ** piety under Trog
  1992 | D:3      | Found a blossoming altar of Fedhas.
  2114 | D:3      | Reached XP level 5. HP: 32/47 MP: 4/4
  2536 | D:3      | Noticed Robin
  2549 | D:3      | Killed Robin
  2553 | D:3      | Reached *** piety under Trog
  2895 | D:4      | Found a snail-covered altar of Cheibriados.
  2905 | D:4      | Found a shimmering altar of Xom.
  2956 | D:4      | Reached skill level 5 in Fighting
  2956 | D:4      | Reached skill level 5 in Axes
  2964 | D:4      | Noticed Ymberto's ghost (amateur HuFi)
  2971 | D:4      | Killed Ymberto's ghost
  2971 | D:4      | Reached XP level 6. HP: 56/56 MP: 5/5
  3015 | D:4      | Found a staircase to the Ecumenical Temple.
  3094 | Temple   | Entered the Ecumenical Temple
  3185 | D:4      | Found Riduth's Book Emporium.
  3247 | D:4      | Reached XP level 7. HP: 62/62 MP: 6/6
  3249 | D:4      | Reached skill level 5 in Armour
  3253 | D:4      | Reached skill level 6 in Axes
  3559 | D:5      | Entered Level 5 of the Dungeon
  4271 | D:5      | Found a basalt altar of Yredelemnul.
  4276 | D:5      | Found a glowing golden altar of the Shining One.
  4278 | D:5      | Noticed an angel
  4561 | D:5      | Reached skill level 5 in Dodging
  4579 | D:5      | Reached XP level 8. HP: 61/71 MP: 7/7
  4656 | D:5      | Reached skill level 7 in Axes
  4991 | D:5      | Reached **** piety under Trog
  5103 | D:6      | Found a sand-covered staircase.
  5118 | Ossuary  | Entered an ossuary
  5418 | D:6      | Reached skill level 1 in Evocations
  5437 | D:6      | Found a deep blue altar of Sif Muna.
  5511 | D:6      | Noticed Eustachio
  5540 | D:6      | Killed Eustachio
  5540 | D:6      | Reached skill level 8 in Axes
  6157 | D:7      | Reached XP level 9. HP: 74/80 MP: 9/9
  6331 | D:7      | Found Dicopen's Distillery.
  6341 | D:7      | Bought a potion of curing for 42 gold pieces
  6341 | D:7      | Bought a potion of flight for 42 gold pieces
  6341 | D:7      | Bought a potion of heal wounds for 70 gold pieces
  6341 | D:7      | Bought a potion of curing for 42 gold pieces
  6449 | D:7      | Got a pair of bloodstained boots
  6455 | D:7      | Identified the +2 pair of boots of Lethargy {rElec} (You found it on level 7 of the Dungeon)
  6675 | D:7      | Found a hide-covered altar of Uskayaw.
  6747 | D:7      | Found an opulent altar of Gozag.
  6852 | D:7      | Reached skill level 9 in Axes
  6946 | D:8      | Found a shadowy altar of Dithmenos.
  7442 | D:8      | Reached ***** piety under Trog
  7486 | D:8      | Found Poynk's Antique Weapon Shop.
  8165 | D:9      | Reached skill level 10 in Axes
  8472 | D:9      | Found a staircase to the Lair.
  9206 | D:8      | Reached XP level 10. HP: 90/90 MP: 11/11
  9361 | D:9      | Received a gift from Trog
  9526 | D:9      | Found a staircase to the Orcish Mines.
  9536 | D:9      | Reached skill level 11 in Axes
  9907 | D:10     | Entered Level 10 of the Dungeon
  9949 | D:10     | Noticed a two-headed ogre
  9960 | D:10     | Killed a two-headed ogre
 10358 | D:10     | Killed an unseen horror
 10433 | D:10     | Reached skill level 12 in Axes
 10458 | D:10     | Noticed a two-headed ogre
 10470 | D:10     | Killed a two-headed ogre
 10470 | D:10     | Reached skill level 10 in Fighting
 10695 | D:9      | Killed an unseen horror
 10695 | D:9      | Reached skill level 10 in Armour
 11072 | D:10     | Found Meifow's Armour Emporium.
 11317 | D:10     | Reached XP level 11. HP: 101/101 MP: 12/12
 11599 | D:11     | Reached skill level 13 in Axes
 11732 | D:11     | Noticed a green ugly thing
 11744 | D:11     | Killed a green ugly thing
 11744 | D:11     | Received a gift from Trog
 11843 | D:11     | Noticed Josephine
 11876 | D:11     | HP: 4/151 [Josephine/vampiric draining (17)]
 11878 | D:11     | Killed Josephine
 12340 | D:11     | Noticed a brown ugly thing
 12366 | D:11     | Killed a brown ugly thing
 12572 | D:11     | Noticed Urug
 12590 | D:11     | Killed Urug
 12590 | D:11     | Reached skill level 14 in Axes
 12669 | D:11     | Noticed a green ugly thing
 12678 | D:11     | Killed a green ugly thing
 14337 | D:13     | Noticed a centaur warrior
 14349 | D:13     | Killed a centaur warrior
 14349 | D:13     | Reached skill level 15 in Axes
 14349 | D:13     | Reached XP level 12. HP: 72/111 MP: 13/13
 14548 | D:12     | Noticed an eight-headed hydra
 14554 | D:12     | Killed a six-headed hydra
 14843 | D:13     | Received a gift from Trog
 15561 | D:13     | Noticed a two-headed ogre
 15587 | D:13     | Killed a two-headed ogre
 16122 | D:10     | Bought a +1 plate armour of fire resistance for 525 gold pieces
 16199 | D:9      | Reached skill level 16 in Axes
 16236 | Lair:1   | Entered Level 1 of the Lair of Beasts
 16252 | Lair:1   | Found a shimmering altar of Xom.
 18012 | Lair:2   | Found a runed door.
 18103 | Lair:2   | Found a staircase to the Shoals.
 18336 | Lair:2   | Reached XP level 13. HP: 121/122 MP: 14/14
 18562 | Lair:2   | Reached skill level 17 in Axes
 18648 | Lair:2   | Noticed a dire elephant
 18660 | Lair:2   | Killed a dire elephant
 19359 | Lair:3   | Found a hole to the Spider Nest.
 20430 | Lair:4   | Noticed an entropy weaver
 20459 | Lair:4   | Killed an entropy weaver
 20460 | Lair:4   | Reached skill level 18 in Axes
 21047 | Lair:4   | Received a gift from Trog
 21055 | Lair:4   | Got a crystal battleaxe {god gift}
 21071 | Lair:3   | Identified the +5 battleaxe of Overwhelming Force {freeze, *Slow rC+ Str+2} (Trog gifted it to you on level 4 of the Lair of Beasts)
 21252 | Lair:4   | Noticed an entropy weaver
 21265 | Lair:4   | Killed an entropy weaver
 21877 | Lair:4   | Reached XP level 14. HP: 102/133 MP: 15/15
 22500 | Lair:5   | Reached skill level 19 in Axes
 23176 | Lair:5   | Identified a scroll of acquirement
 23258 | Lair:5   | Gained mutation: Scrolls take you a little longer to read. [mutagenic glow]
 23495 | Lair:5   | Found a staircase to the Slime Pits.
 23846 | Lair:6   | Entered Level 6 of the Lair of Beasts
 23846 | Lair:6   | Noticed Rupert
 23848 | Lair:6   | Paralysed by Rupert for 3 turns
 23855 | Lair:6   | Killed Rupert
 23878 | Lair:6   | Received a gift from Trog
 23881 | Lair:6   | Got a bloodstained broad axe {god gift}
 23883 | Lair:6   | Identified the +4 broad axe of False Accusations {flame, *Slow rPois Int+8 SInv} (Trog gifted it to you on level 6 of the Lair of Beasts)
 24323 | Lair:6   | Reached skill level 15 in Fighting
 26029 | Lair:6   | Found a burning altar of Makhleb.
 26052 | Lair:6   | Reached skill level 20 in Axes
 26064 | Lair:6   | Reached skill level 15 in Armour
 26333 | Lair:6   | Found a gateway to Hell.
 26517 | Lair:6   | Received a gift from Trog
 26740 | Orc:1    | Entered Level 1 of the Orcish Mines
 26758 | Orc:1    | Found Qahotauz's General Store.
 26788 | Orc:1    | Bought a scroll of teleportation for 45 gold pieces
 26788 | Orc:1    | Bought 2 fruits for 45 gold pieces
 26801 | Orc:2    | Entered Level 2 of the Orcish Mines
 27532 | Orc:2    | Reached XP level 15. HP: 141/141 MP: 16/16
 27609 | Orc:2    | Reached ****** piety under Trog
 27655 | Orc:2    | Found a staircase to the Elven Halls.
 27832 | Orc:2    | Received a gift from Trog
 28436 | Orc:2    | Found a roughly hewn altar of Beogh.
 28729 | Orc:2    | Found Dihapt's Weapon Emporium.
 28738 | Orc:2    | Found Cuyrisuk's Weapon Shoppe.
 28834 | Orc:2    | Noticed an orc warlord
 28870 | Orc:2    | Killed an orc warlord
 29312 | Orc:2    | Found a roughly hewn altar of Beogh.
 29505 | Orc:2    | Found Unaa's Distillery.
 29577 | Orc:2    | Bought a potion of heal wounds for 60 gold pieces
 29577 | Orc:2    | Bought a potion of heal wounds for 60 gold pieces
 29577 | Orc:2    | Bought a potion of heal wounds for 60 gold pieces
 29577 | Orc:2    | Bought a potion of curing for 36 gold pieces
 29577 | Orc:2    | Bought a potion of invisibility for 96 gold pieces
 29577 | Orc:2    | Bought a potion of curing for 36 gold pieces
 29577 | Orc:2    | Bought a potion of heal wounds for 60 gold pieces
 29577 | Orc:2    | Bought a potion of heal wounds for 60 gold pieces
 29607 | Orc:2    | Found Jatzogg's Antique Weapon Shop.
 29776 | D:9      | Received a gift from Trog
 29779 | D:9      | Got an ivory broad axe {god gift}
 29781 | D:9      | Identified the +9 broad axe of Ablas {speed, rC+} (Trog gifted it to you on level 9 of the Dungeon)
 30025 | D:14     | Found Ifaoxiu's Assorted Antiques.
 30032 | D:14     | Bought a dented emerald amulet for 130 gold pieces
 30032 | D:14     | Bought a scroll of enchant armour for 195 gold pieces
 30032 | D:14     | Bought a potion of agility for 104 gold pieces
 30104 | D:13     | Reached skill level 21 in Axes
 31078 | D:14     | Found a gate to the Vaults.
 31482 | D:14     | Noticed Roxanne
 31496 | D:14     | Killed Roxanne
 31672 | D:15     | Entered Level 15 of the Dungeon
 31784 | D:15     | Received a gift from Trog
 32024 | D:15     | Noticed Agnes
 32036 | D:15     | Killed Agnes
 32492 | D:15     | Noticed Nessos
 32498 | D:15     | Killed Nessos
 32537 | D:15     | Found a staircase to the Depths.
 32949 | D:15     | Reached XP level 16. HP: 142/152 MP: 5/17
 34069 | Spider:1 | Entered Level 1 of the Spider Nest
 35300 | Spider:1 | Reached skill level 22 in Axes
 35373 | Spider:1 | Received a gift from Trog
 37550 | Spider:3 | Received a gift from Trog
 38079 | Spider:3 | Noticed Donald
 38095 | Spider:3 | Killed Donald
 38890 | Spider:4 | Entered Level 4 of the Spider Nest
 39519 | Spider:4 | Reached XP level 17. HP: 151/163 MP: 18/18
 40159 | Spider:4 | Noticed Arachne
 40173 | Spider:4 | Killed Arachne
 40465 | Spider:4 | Received a gift from Trog
 40570 | Spider:4 | Paralysed by a hornet for 2 turns
 41689 | Spider:3 | HP: 7/166 [poisoned by a ghost moth]
 41690 | Spider:3 | Slain by a ghost moth

Skill      XL: |  1  2  3  4  5  6  7  8  9 10 11 12 13 14 15 16 17 |
---------------+----------------------------------------------------+-----
Fighting       | 4 5 6 7 8 10 11 13 14 15 16 17 18 | 18.6
Axes           | 4 5 6 8 10 12 15 16 18 20 21 22 | 22.5
Armour         | 3 4 5 7 8 10 11 12 13 15 16 17 18 | 18.6
Dodging        | 3 4 5 7 8 |  8.7
Evocations     | 2 3 |  3.8

Action                   |  1- 3 |  4- 6 |  7- 9 | 10-12 | 13-15 | 16-18 || total
-------------------------+-------+-------+-------+-------+-------+-------++-------
Melee: Hand axe          |    57 |    91 |       |     5 |       |       ||   153
       Headbutt          |     5 |    23 |    70 |    96 |   227 |   183 ||   604
       Battleaxe         |       |     8 |   348 |   513 |  1069 |   309 ||  2247
       Great mace        |       |       |       |       |    45 |       ||    45
       Broad axe         |       |       |       |       |       |   428 ||   428
Invok: Berserk           |     1 |     3 |     7 |    10 |    19 |     5 ||    45
       Trog's Hand       |       |       |     2 |     4 |     3 |     1 ||    10
       Burn Spellbooks   |       |       |     1 |     2 |     2 |     2 ||     7
       Brothers in Arms  |       |       |       |       |     2 |     3 ||     5
 Abil: Evoke Flight      |       |       |       |       |     2 |       ||     2
       Stop Flying       |       |       |       |       |     1 |       ||     1
Evoke: Wand              |       |       |       |     2 |    12 |     1 ||    15
  Use: Scroll            |       |       |    22 |     9 |    11 |     3 ||    45
       Potion            |       |       |     1 |     1 |     5 |     3 ||    10
 Stab: Held in net/web   |       |       |       |       |       |     1 ||     1
  Eat: Chunk             |     2 |     8 |    12 |    18 |    53 |     9 ||   102
       Bread ration      |       |       |     4 |     2 |       |       ||     6
       Fruit             |       |       |     3 |       |     2 |     3 ||     8
       Meat ration       |       |       |     1 |     1 |     1 |     4 ||     7
       Royal jelly       |       |       |       |     4 |     3 |     1 ||     8
Armor: Animal skin       |     9 |       |       |       |       |       ||     9
       Chain mail        |       |    37 |    48 |       |       |       ||    85
       Plate armour      |       |       |   232 |   474 |   752 |   758 ||  2216
Dodge: Dodged            |    25 |    44 |   210 |   215 |   407 |   448 ||  1349
Block: Other             |       |       |       |       |   158 |   124 ||   282
       Reflection        |       |       |       |       |     8 |       ||     8
